AoeStats
← NuMa | JuanMan

Arena

510203472Analyzed
2v2 RM · 3d ago on Sep 29, 2026· 61m 50s· 4 players
Game mode
Random Map
Map size
Medium (4 player)
Population
200
Speed
Normal
Resources
Standard
Victory
Conquest
Starting age
Dark Age
Ending age
Imperial Age
RankedLock teamsTeams togetherTeam positionsShared explorationLock speedFull tech treeHidden civsTurbo modeCheats
Victory
Defeat
🇨🇴 Teutons · Colombia
1390
+15
🇨🇴 Sicilians · Colombia
1352
+17
🇫🇷 Byzantines · France
1407
-18
🇦🇷 Jurchens · Argentina
1325
-14
Camo
9:18 Feudal Age
7:34 Loom
10:44 Fletching
27:20 Castle Age
25:38 Horse Collar
25:47 Double-Bit Axe
28:01 Bodkin Arrow
30:00 Guard Tower
34:13 Masonry
36:47 Gold Mining
39:00 Wheelbarrow
38:21 Town Watch
39:05 Heavy Plow
42:36 Imperial Age
42:08 Hand Cart
42:46 Bow Saw
44:49 Scale Mail Armor
44:52 Squires
44:39 Arson
44:55 Stone Mining
46:35 Stone Shaft Mining
45:51 Pikeman
46:52 Chain Mail Armor
47:54 Forging
48:10 Halberdier
49:22 Plate Mail Armor
49:52 Iron Casting
50:21 Chemistry
49:42 Ballistics
50:44 Conscription
52:46 Two-Man Saw
54:29 Crenellations
56:03 Keep
56:47 Blast Furnace
55:59 Arrowslits
56:40 Gambesons
58:28 Crop Rotation
59:23 Siege Engineers
59:17 Elite Teutonic Knight
60:44 Town Patrol
62:32 Ironclad
62:47 Hoardings
NuMa | JuanMan
8:58 Feudal Age
8:45 Loom
9:56 Double-Bit Axe
9:53 Horse Collar
20:13 Castle Age
18:28 Scale Mail Armor
19:35 Forging
21:17 Wheelbarrow
20:40 Arson
21:36 Chain Mail Armor
21:56 Heavy Plow
22:46 Bow Saw
25:04 Iron Casting
25:45 Gold Mining
29:42 Fletching
29:53 Padded Archer Armor
30:29 Bodkin Arrow
33:33 Imperial Age
30:49 Crossbowman
31:46 Leather Archer Armor
32:00 Stone Mining
34:08 Ballistics
33:42 Town Watch
33:41 Arbalester
35:08 Crop Rotation
36:36 Gold Shaft Mining
37:03 Bracer
38:28 Plate Mail Armor
37:58 Capped Ram
40:03 Blast Furnace
39:51 First Crusade
40:47 Chemistry
40:28 Masonry
41:02 Elite Serjeant
41:38 Siege Ram
42:26 Arrowslits
43:57 Gambesons
44:12 Squires
50:22 Murder Holes
51:35 Siege Engineers
54:22 Stone Shaft Mining
55:10 Caravan
55:50 Elite Skirmisher
FLEJEUNE
9:31 Feudal Age
10:05 Loom
10:22 Double-Bit Axe
13:16 Horse Collar
14:13 Fletching
22:35 Castle Age
23:28 Thumb Ring
23:21 Bodkin Arrow
23:45 Crossbowman
26:29 Scale Barding Armor
27:24 Ballistics
29:45 Heavy Plow
29:57 Bow Saw
29:38 Gold Mining
30:19 Husbandry
30:41 Chain Barding Armor
35:39 Imperial Age
37:06 Bracer
38:10 Two-Man Saw
37:42 Conscription
38:12 Wheelbarrow
37:19 Arbalester
38:25 Guilds
40:03 Plate Barding Armor
39:35 Padded Archer Armor
40:56 Forging
42:26 Crop Rotation
42:33 Gold Shaft Mining
44:12 Iron Casting
43:52 Leather Archer Armor
46:48 Chemistry
46:56 Ring Archer Armor
51:27 Hoardings
57:54 Treadmill Crane
Alexis
11:28 Feudal Age
12:14 Double-Bit Axe
13:11 Loom
13:31 Fletching
24:44 Castle Age
25:24 Bodkin Arrow
30:03 Town Watch
38:15 Horse Collar
42:20 Bow Saw
47:33 Imperial Age
45:47 Padded Archer Armor
49:27 Wheelbarrow
49:48 Leather Archer Armor
51:51 Ring Archer Armor
51:58 Ballistics
53:10 Capped Ram
57:06 Gold Mining
58:44 Gold Shaft Mining
58:03 Heavy Rocket Cart
59:36 Masonry
Connection lost

Rejoining the realm…

Still unreachable

The connection could not be restored.

Session expired

The server has moved on; the page needs a fresh start.